 Dungeon Crawl Stone Soup version 0.28.0-53-g5a82cb258f (webtiles) character file.

Game seed: 11415550489411634623

2713 Gabide the Slicer (level 9, -6/46 HPs)
             Began as a Vine Stalker Monk on May 30, 2022.
             Mangled by Joseph
             ... wielding a +2 vorpal quarterstaff
              (8 damage)
             ... on level 7 of the Dungeon.
             The game lasted 00:12:17 (5642 turns).

Gabide the Slicer (Vine Stalker Monk)               Turns: 5642, Time: 00:12:19

Health: -6/46      AC:  6    Str: 15    XL:     9   Next: 66%
Magic:  0/19       EV: 15    Int: 13    God:
Gold:   266        SH:  0    Dex: 26    Spells: 8/8 levels left

rFire   . . .      SeeInvis .   c - +3 dagger
rCold   . . .      Faith    .   (no shield)
rNeg    . . .      Spirit   +   b - +2 robe
rPois   .          Reflect  .   (no helmet)
rElec   .          Harm     .   (no cloak)
rCorr   .          Rampage  .   (no gloves)
Will    +....                   x - +1 pair of boots
Stlth   ++++......              p - amulet of Xauhuoha {RegenMP Int+3}
HPRegen 0.95/turn               f - ring of magical power
MPRegen 0.56/turn               g - +6 ring of dexterity

@: no status effects
A: fangs 3, regeneration 1, magic shield, antimagic bite, no potion heal 2
a: no special abilities


You were on level 7 of the Dungeon.
You visited 1 branch of the dungeon, and saw 7 of its levels.
You also visited: Sewer.

You collected 290 gold pieces.
You spent 24 gold pieces at shops.

Inventory:

Hand Weapons
 c - a +3 dagger (weapon)
Missiles
 w - 4 atropa-tipped darts
Armour
 b - a +2 robe (worn)
 x - a +1 pair of boots (worn)
Jewellery
 f - a ring of magical power (left hand)
 g - a +6 ring of dexterity (right hand)
 p - the amulet of Xauhuoha (around neck) {RegenMP Int+3}
   (You found it in a sewer)

   [amulet of magic regeneration]

   It increases your rate of magic regeneration.
   Int:       It affects your intelligence (+3).
Wands
 a - a wand of iceblast (7)
Scrolls
 d - a scroll of fog
 h - 3 scrolls of noise
 k - a scroll of silence {unknown}
 n - a scroll of teleportation
 s - a scroll of blinking
 v - a scroll of summoning {unknown}
Potions
 e - 3 potions of ambrosia
 i - 2 potions of flight
 l - a potion of curing
 m - 2 potions of heal wounds {unknown}
 q - 2 potions of might
 u - a potion of invisibility {unknown}


   Skills:
 + Level 4.8 Fighting
 - Level 10.0 Short Blades
 + Level 4.4 Dodging
 + Level 6.2 Stealth


You had 8 spell levels left.
You didn't know any spells.
Your spell library contained the following spells:

 Spells                   Type           Power      Damage    Failure   Level
 Magic Dart               Conj           0%         1d3       30%         1
 Call Imp                 Summ           0%         N/A       43%         2
 Static Discharge         Conj/Air       0%         N/A       43%         2
 Mephitic Cloud           Conj/Pois/Air  0%         N/A       67%         3
 Lightning Bolt           Conj/Air       0%         1d11      100%        5
 Maxwell's Capacitive Co  Air            0%         ∞         100%        8


Dungeon Overview and Level Annotations

Branches:
Dungeon (7/15)              Sewer (visited)
 Temple: D:4-7

Altars:
Ru

Shops:
D:3 [   D:6 *

Annotations:
D:7 Joseph


Innate Abilities, Weirdness & Mutations

You have razor-sharp teeth.
Your natural rate of healing is unusually fast.
When hurt, damage is shared between your health and your magic reserves.
Your bite disrupts and absorbs the magic of your enemies.
Potions cannot restore your health.


Message History

The puff of flame hits Joseph.
Joseph is moderately wounded.
Joseph shoots a sling bullet.
The sling bullet hits you.
The puff of flame hits Joseph.
Joseph is moderately wounded.
The puff of flame hits Joseph.
Joseph is heavily wounded.
The now-empty wand crumbles to dust.
Nothing quivered!
Joseph shoots a sling bullet.
The sling bullet hits you.
You climb upwards.
There is a stone staircase leading down here.
You climb downwards.
Level annotation: Joseph
There is a stone staircase leading up, spattered with blood here.
You now have 266 gold pieces (gained 14).
a - a wand of iceblast (7) Joseph is nearby!
Joseph shoots a sling bullet.
The sling bullet hits you!
Joseph shoots a sling bullet.
The sling bullet completely misses you.
Joseph shoots a sling bullet.
The sling bullet hits you!
Joseph shoots a sling bullet.
The sling bullet hits you!
Joseph drinks a potion.
Joseph seems to grow stronger.
Joseph unwields a +0 hunting sling.
Joseph wields a +2 vorpal quarterstaff.
Joseph hits you with a +2 vorpal quarterstaff!
Joseph unwields a +2 vorpal quarterstaff.
Joseph wields a +0 hunting sling.
Joseph shoots a sling bullet.
The sling bullet completely misses you.
As you read the scroll of fear, it crumbles to dust.
You assume a fearsome visage.
Joseph easily resists.
Joseph shoots a sling bullet.
The sling bullet hits you.
Joseph unwields a +0 hunting sling.
Joseph wields a +2 vorpal quarterstaff.
Joseph barely misses you.
You hit Joseph. Your bite misses Joseph.
Joseph is moderately wounded.
You hit Joseph. You bite Joseph! You drain his power.
You feel invigorated.
Joseph is heavily wounded.
Joseph hits you with a +2 vorpal quarterstaff!!
* * * LOW HITPOINT WARNING * * *
You die...

#...........#..................#
#...##...#####......!......###..#
##......## #.............## .#.
#....>..## #..............# .#.
#..#.....## ##............... ..
.. #......# #...........#..#.
.##.....## ##.........##..#
#....##..#####.........#
##.##.##.......@@....##...
......{..##........### ##.
##...########.#...[# #....#
##..#.#..# ...#..# ......#...#
...#..####...##.##...# #.
#...##...# #.. ..... ##
###......# #.. ...#: #..........


You could see Joseph (strong).

Vanquished Creatures
  The ghost of kalagan the Conjurer, an amateur DECj (D:5)
  Edmund (D:6)
  2 ice beasts
  A black bear (D:5)
  An orc warrior (D:5)
  3 sky beasts
  A necrophage (D:5)
  3 ogres
  A phantom (D:5)
  2 bullfrogs (Sewer)
  3 scorpions
  A water moccasin zombie (D:5)
  2 killer bees (D:7)
  A centaur zombie (D:4)
  A bullfrog zombie (D:6)
  3 jellies
  A centaur skeleton (D:7)
  An orc priest (D:7)
  3 hounds
  3 bullfrog skeletons
  6 iguanas
  2 orc wizards
  Natasha (thrice) (D:2)
  A killer bee zombie (D:6)
  A howler monkey zombie (D:6)
  4 gnolls (D:4)
  7 adders
  A river rat (D:4)
  2 shadow imps
  2 white imps (D:6)
  An ufetubus (D:5)
  2 worms
  2 dart slugs
  9 orcs
  10 ball pythons
  6 endoplasms
  5 giant cockroaches
  9 goblins
  4 hobgoblins
  12 quokkas
  6 bats
  11 frilled lizards
  8 kobolds
  7 rats
156 creatures vanquished.

Notes
Turn   | Place    | Note
-------+----------+-------------------------------------------
     0 | D:1      | Gabide the Vine Stalker Monk began the quest for the Orb.
     0 | D:1      | Reached XP level 1. HP: 11/11 MP: 2/2
   104 | D:1      | Reached skill level 3 in Short Blades
   132 | D:1      | Reached XP level 2. HP: 16/16 MP: 3/3
   683 | D:2      | Noticed Natasha
   689 | D:2      | Reached XP level 3. HP: 19/19 MP: 4/4
   702 | D:2      | Killed Natasha
   703 | D:2      | Reached skill level 4 in Short Blades
   729 | D:2      | Noticed Natasha
   733 | D:2      | Killed Natasha
   734 | D:2      | Gained mutation: Your natural rate of healing is unusually
                  | fast. [Vine Stalker growth]
   734 | D:2      | Reached XP level 4. HP: 21/23 MP: 5/5
   840 | D:2      | Noticed Natasha
   850 | D:2      | Killed Natasha
  1060 | D:2      | Reached XP level 5. HP: 27/27 MP: 6/6
  1218 | D:3      | Reached skill level 5 in Short Blades
  1237 | D:3      | Noticed a sky beast
  1239 | D:3      | Found a sacrificial altar of Ru.
  1277 | D:3      | Killed a sky beast
  1278 | D:3      | Reached XP level 6. HP: 7/32 MP: 3/7
  1423 | D:3      | Reached skill level 6 in Short Blades
  1497 | D:3      | Found Efrilyisk's Antique Armour Shoppe.
  2379 | D:4      | Found a glowing drain.
  2388 | Sewer    | Entered a sewer
  2452 | Sewer    | Reached XP level 7. HP: 35/35 MP: 8/8
  2456 | Sewer    | Reached skill level 7 in Short Blades
  2650 | Sewer    | Identified the amulet of Xauhuoha {RegenMP Int+3}
  3396 | D:4      | Reached skill level 8 in Short Blades
  3647 | D:5      | Entered Level 5 of the Dungeon
  3676 | D:5      | Gained mutation: You have razor-sharp teeth. [Vine Stalker
                  | growth]
  3676 | D:5      | Reached XP level 8. HP: 39/39 MP: 9/9
  3807 | D:5      | Reached skill level 9 in Short Blades
  3903 | D:5      | Found a runed translucent gate.
  3903 | D:5      | Found a runed translucent gate.
  3903 | D:5      | Found a runed translucent gate.
  3908 | D:5      | Noticed kalagan's ghost (amateur DECj)
  4480 | D:5      | Reached skill level 10 in Short Blades
  4540 | D:5      | Killed kalagan's ghost
  4541 | D:5      | Reached XP level 9. HP: 19/44 MP: 10/10
  4689 | D:6      | Noticed Edmund
  4694 | D:6      | Killed Edmund
  4916 | D:6      | Reached skill level 5 in Stealth
  5156 | D:6      | Found Biogocro's General Store.
  5160 | D:6      | Bought 4 atropa-tipped darts for 24 gold pieces
  5509 | D:7      | Noticed Joseph
  5642 | D:7      | HP: 2/46 [Joseph/+2 vorpal quarterstaff (14)]
  5642 | D:7      | Mangled by Joseph

Illustrated notes

Levels and vault maps discovered:
D:1:      minmay_arrival_arboretum_large, layout_rooms
D:2:      layout_basic, uniq_natasha
D:3:      layout_basic, mainiacjoe_overflow_six_doors_small, serial_shops,
          shop_fountains, serial_bayou, serial_bayou_crossing,
          serial_bayou_pond_e, serial_bayou_pond_e, serial_bayou_pond_e,
          minmay_misc_feat_cross, kennysheep_generic_room_11
D:4:      layout_cave_pods, portal_sewer_entry_b
D:5:      layout_basic, gammafunk_ghost_split
D:6:      layout_loops_ring, serial_shops, shop, uniq_edmund
D:7:      layout_cave_pools, minmay_temple_entry_wispy, minmay_ruffians,
          uniq_joseph

Skill      XL: |  1  2  3  4  5  6  7  8  9 |
---------------+----------------------------+-----
Short Blades   | 3 4 5 6 8 10 | 10.0
Fighting       | 3 4 |  4.8
Stealth        | 3 6 |  6.2
Dodging        | 3 4 |  4.4

Action                   |  1- 3 |  4- 6 |  7- 9 || total
-------------------------+-------+-------+-------++-------
Melee: Dagger            |    59 |   174 |   377 ||   610
       Short sword       |     2 |       |       ||     2
       Bite              |    15 |    55 |   145 ||   215
       Punch             |     1 |     4 |     7 ||    12
Evoke: Wand              |       |    27 |    32 ||    59
  Use: Scroll            |     2 |     1 |    12 ||    15
       Potion            |       |     1 |     1 ||     2
 Stab: Sleeping          |     9 |    12 |    14 ||    35
       Distracted        |     1 |       |       ||     1
Armor: Robe              |     5 |    29 |    58 ||    92
Dodge: Dodged            |    24 |    97 |   165 ||   286
